Map: Dreamcatcher LE

Players

eonblu - Winner!

  • Race: Zerg Zerg
  • Spawn Location: 11:00

Spazymazy

  • Race: Zerg Zerg
  • Spawn Location: 5:00

Event: WCS Valencia 2018

VOD

Have the link to the VOD?

Description

Time

  • Played on: July 12, 2018, 7:09 a.m.
  • Length: 10:18

All games in this series

Show
View Real Time Build Order
Export as new Build Order

eonblu Zerg - Winner!

Build Orders: Pool First, Zergling Baneling 

Get SALT Encoding   

  12  0:00  Drone  
  13  0:13  Overlord  
  13  0:20  Drone  
  14  0:32  Drone  
  14  0:33  Drone  
  16  0:37  Drone  
  17  0:46  Spawning Pool  
  17  0:49  Drone  
  17  1:10  Hatchery  
  16  1:12  Extractor  
  16  1:17  Drone  
  16  1:33  Zergling x6  
  16  1:36  Queen  
  21  1:45  Overlord  
  21  1:55  Drone  
  22  2:05  Drone  
  23  2:15  Queen  
  23  2:16  Metabolic Boost  
  25  2:31  Drone  
  25  2:36  Drone  
  27  2:41  Hatchery  
  26  2:45  Drone  
  27  2:52  Baneling Nest  
  26  2:59  Drone  
  26  3:00  Zergling x2  
  26  3:01  Zergling x2  
  29  3:09  Zergling x4  
  31  3:13  Drone  
  31  3:24  Drone  
  32  3:30  Overlord  
  32  3:31  Zergling x2  
  32  3:32  Zergling x6  
  35  3:46  Baneling  
  35  3:47  Baneling x3  
  34  3:49  Drone  
  34  3:50  Drone  
  34  3:53  Zergling x2  
  34  3:54  Zergling x4  
  39  3:59  Zergling x4  
  37  4:13  Zergling x2  
  37  4:14  Zergling x10  
  40  4:22  Drone x4  
  42  4:26  Zergling x2  
  42  4:27  Zergling x2  
  42  4:43  Zergling x2  
  42  4:44  Zergling x8  
  46  4:45  Baneling  
  46  4:46  Baneling x6  
  46  4:56  Zergling x2  
  46  4:57  Zergling x4  
  49  5:00  Overlord  
  49  5:06  Roach Warren  
  49  5:07  Extractor, Drone  
  49  5:08  Drone  
  49  5:10  Baneling  
  49  5:11  Baneling x2  
  49  5:19  Drone x4  
  49  5:20  Drone  
  41  5:41  Overlord x2  
  41  5:42  Drone x2  
  43  5:45  Drone x2  
  43  5:46  Roach  
  43  5:47  Roach x2  
  43  5:48  Roach  
  53  5:51  Roach  
  53  5:55  Roach  
  57  6:02  Overlord  
  57  6:07  Roach x4  
  57  6:11  Zergling x4  
  66  6:26  Drone x3  
  66  6:27  Drone x3  
  66  6:28  Drone x2  
  66  6:29  Lair  
  66  6:30  Drone  
  75  6:34  Drone x2  
  75  6:35  Drone  
  78  6:49  Overlord  
  78  6:50  Overlord  
  78  6:51  Extractor x2  
  78  6:53  Drone x3  
  78  6:54  Evolution Chamber  
  78  6:57  Drone  
  79  7:12  Overlord  
  79  7:13  Roach  
  79  7:14  Roach x6  
  93  7:20  Zerg Missile Weapons Level 1  
  92  7:26  Roach x3  
  92  7:27  Glial Reconstitution  
  98  7:31  Roach x2  
  98  7:33  Overlord x2  
  98  7:34  Overlord x2  
  102  7:39  Extractor  
  99  7:49  Queen  
  101  7:53  Roach  
  101  7:54  Roach x7  
  117  8:03  Overlord  
  117  8:04  Roach x4  
  122  8:15  Roach x4  
  130  8:26  Roach x5  
  140  8:31  Roach  
  140  8:32  Roach x2  
  140  8:34  Overlord  
  145  8:54  Roach  
  145  8:55  Roach x5  
  152  8:57  Overlord  
  152  8:58  Overlord x3  
  152  9:00  Roach x2  
  152  9:04  Ravager  
  149  9:11  Overlord x2  
  150  9:17  Ravager x7  
  156  9:24  Roach  
  156  9:25  Roach  
  158  9:36  Roach x6  
  165  9:57  Overlord x2  
  165  9:58  Overlord  
Show
View Real Time Build Order
Export as new Build Order

Spazymazy Zerg 

Build Orders: Hatch First 

Get SALT Encoding   

  12  0:00  Drone  
  13  0:12  Overlord  
  13  0:17  Drone  
  14  0:30  Drone x2  
  14  0:35  Drone  
  17  0:52  Hatchery  
  17  0:55  Drone  
  17  0:58  Extractor  
  17  1:00  Drone  
  17  1:14  Spawning Pool  
  17  1:16  Drone  
  17  1:20  Drone  
  18  1:28  Drone  
  19  1:38  Overlord  
  19  2:01  Metabolic Boost, Queen  
  19  2:03  Queen  
  19  2:07  Zergling x4  
  25  2:09  Zergling x2  
  25  2:12  Zergling x2  
  27  2:19  Spine Crawler  
  27  2:22  Zergling x2  
  27  2:30  Zergling x4  
  29  2:39  Queen  
  31  2:46  Queen  
  31  2:51  Overlord  
  34  3:02  Overlord  
  34  3:05  Drone x2  
  34  3:08  Overlord  
  34  3:11  Drone  
  34  3:21  Drone x3  
  35  3:31  Baneling Nest  
  34  3:34  Spine Crawler  
  34  3:37  Zergling x4  
  34  3:42  Zergling x2  
  34  3:50  Queen  
  34  3:52  Zergling x2  
  37  4:08  Zergling x10  
  39  4:14  Zergling x8  
  40  4:23  Drone x3  
  43  4:26  Baneling x2  
  43  4:31  Baneling x3  
  35  4:39  Drone x3  
  35  4:44  Drone  
  37  4:46  Drone  
  38  4:54  Zergling x4  
  38  4:56  Baneling  
  38  4:57  Baneling  
  38  4:59  Drone x2  
  42  5:04  Zergling x2  
  42  5:05  Zergling x2  
  44  5:09  Evolution Chamber  
  44  5:14  Drone x3  
  45  5:24  Drone x3  
  45  5:25  Drone  
  45  5:33  Zergling x10  
  48  5:41  Baneling x2  
  48  5:46  Queen  
  48  5:47  Extractor  
  49  5:51  Drone x2  
  49  5:52  Drone  
  52  5:58  Drone x2, Roach Warren  
  52  6:01  Zerg Missile Weapons Level 1  
  52  6:03  Drone  
  54  6:10  Drone x2  
  54  6:11  Drone  
  57  6:13  Extractor  
  55  6:24  Overlord x3  
  56  6:27  Overlord  
  56  6:29  Spine Crawler  
  55  6:33  Overlord  
  55  6:37  Roach  
  55  6:38  Roach  
  55  6:39  Evolution Chamber  
  58  6:43  Roach x2  
  62  6:48  Roach x2  
  62  6:51  Baneling x3  
  62  6:54  Roach  
  68  6:57  Roach  
  70  7:15  Drone x4  
  74  7:17  Extractor, Hatchery  
  74  7:18  Extractor  
  74  7:22  Drone  
  72  7:23  Drone x2  
  72  7:29  Zerg Ground Armor Level 1  
  74  7:40  Drone  
  74  7:41  Drone x5  
  74  7:42  Roach x2  
  83  7:45  Roach  
  87  7:51  Roach  
  87  7:55  Roach x3  
  93  8:00  Roach  
  93  8:04  Roach  
  95  8:08  Roach  
  95  8:09  Roach  
  95  8:12  Overlord x2  
  99  8:16  Lair  
  99  8:18  Overlord  
  99  8:29  Overlord  
  99  8:31  Queen  
  99  8:32  Roach x2  
  105  8:39  Roach x2  
  105  8:40  Roach  
  110  8:45  Drone x5  
  114  8:48  Roach  
  114  8:55  Drone x2  
  114  8:56  Drone x2  
  114  9:00  Roach x2  
  122  9:05  Ravager x3  
  125  9:13  Extractor  
  125  9:15  Drone x3  
  125  9:16  Roach x3  
  133  9:20  Overseer  
  135  9:24  Roach x2  
  137  9:33  Overlord x2  
  137  9:34  Overlord  
  137  9:35  Overlord  
  127  9:47  Roach x5  
  137  9:55  Roach  
  137  9:56  Roach x4  
Tags
 
Add a new tag
Caveats
  • Supply blocks, unpowered buildings, or Contaminate may cause inaccurate times.
  • Supply counts are checked every 10 seconds.